 Dungeon Crawl Stone Soup version 0.26.1-2-gb8aa6d0cf2 (webtiles) character file.

Game seed: 4615644547788693436

31 Groucho the Sneak (level 3, 0/16 HPs)
             Began as a Spriggan Enchanter on Feb 24, 2021.
             Succumbed to an adder's poison
             ... on level 2 of the Dungeon.
             The game lasted 00:02:24 (3179 turns).

Groucho the Sneak (Spriggan Enchanter)              Turns: 3179, Time: 00:02:25

Health: 0/16       AC:  2    Str:  5    XL:     3   Next: 7%
Magic:  8/8        EV: 18    Int: 16    God:
Gold:   55         SH:  0    Dex: 16    Spells: 6/7 levels left

rFire    . . .     SeeInvis +   a - +1 dagger
rCold    . . .     Faith    .   (shield restricted)
rNeg     . . .     Spirit   .   b - +0 robe
rPois    .         Reflect  .   (helmet restricted)
rElec    .         Harm     .   (no cloak)
rCorr    .         Rampage  .   (gloves unavailable)
Will     .....                  (boots unavailable)
Stlth    +++.......             (no amulet)
HPRegen  0.05/turn              (no ring)
MPRegen  0.11/turn              (no ring)

@: lethally poisoned (0 -> -6), very quick
A: very small, unfitting armour, see invisible, speed 3
a: no special abilities


You were on level 2 of the Dungeon.
You visited 1 branch of the dungeon, and saw 2 of its levels.

You collected 55 gold pieces.

Inventory:

Hand Weapons
 a - a +1 dagger (weapon)
 g - a +0 dagger of freezing
Missiles
 c - 7 boomerangs
Armour
 b - a +0 robe (worn)
Jewellery
 d - an uncursed amulet of regeneration {unknown}
Scrolls
 e - 2 scrolls of teleportation {unknown}
 h - a scroll of fear {unknown}


   Skills:
 - Level 1.1 Short Blades
 - Level 3.0 Dodging
 + Level 6.5 Stealth
 - Level 2.6 Spellcasting
 - Level 3.6 Hexes


You had 6 spell levels left.
You knew the following spells:

 Your Spells              Type           Power        Failure   Level
a - Corona                Hex            14%          4%          1

Your spell library contained the following spells:

 Spells                   Type           Power        Failure   Level
 Confusing Touch          Hex            13%          13%         3
 Tukima's Dance           Hex            13%          13%         3
 Ensorcelled Hibernation  Hex/Ice        14%          14%         2
 Dazzling Flash           Conj/Hex       14%          28%         3


Dungeon Overview and Level Annotations

Branches:
Dungeon (2/15)

Altars:


Innate Abilities, Weirdness & Mutations

You are very small and have problems with some larger weapons.
You are too small for most types of armour.
You have supernaturally acute eyesight. (SInv)
You cover ground extremely quickly.


Message History

Unknown command.
You completely miss the adder.
The adder is almost dead.
You feel sick. The adder closely misses you.
You barely miss the adder.
The adder is almost dead.
The adder completely misses you. The adder closely misses you.
* * * LOW HITPOINT WARNING * * *
You feel sick.
You see here 5 gold pieces.
You now have 55 gold pieces (gained 5).
* * * LOW HITPOINT WARNING * * *
You feel sick. The adder completely misses you.
* * * LOW HITPOINT WARNING * * *
You feel sick.
* * * LOW HITPOINT WARNING * * *
You feel sick.
You aren't carrying any potions.
Unknown command.
You die...

. .....###.# #...#
#....##.# ##.# #.....#.# #
...# #....## #.... ##.....#
#...# #.).##.## #.
###...###.#.....#
#.##.....#.....##.........
##.#.........@...#.....####
..................##### .#
##...............##
...##..............(.#
.............((......#
.......)...<.........#
.....#..............##
.............#.....##
............####.###


There were no monsters in sight!

Vanquished Creatures
  An ooze (D:1)
  5 goblins
  2 hobgoblins (D:1)
  8 jackals (D:1)
  3 bats (D:1)
  2 frilled lizards (D:1)
  2 kobolds (D:1)
23 creatures vanquished.

Notes
Turn   | Place    | Note
-------+----------+-------------------------------------------
     0 | D:1      | Groucho the Spriggan Enchanter began the quest for the Orb.
     0 | D:1      | Reached XP level 1. HP: 9/9 MP: 5/5
   164 | D:1      | Reached skill level 5 in Stealth
   489 | D:1      | Reached XP level 2. HP: 13/13 MP: 6/6
  1620 | D:1      | Reached skill level 6 in Stealth
  3091 | D:2      | Reached XP level 3. HP: 16/16 MP: 8/8
  3179 | D:2      | Succumbed to an adder's poison

Illustrated notes

Levels and vault maps discovered:
D:1:      amcnicky_arrival_choice, layout_loops_ring
D:2:      layout_rooms, bloody_trog, nicolae_ru_the_path_less_chosen,
          chequers_ecumenical_altar_lobes

Skill      XL: |  1  2 |
---------------+-------+-----
Stealth        | 5 6 |  6.5
Short Blades   | |  1.1
Dodging        | |  3.0
Spellcasting   | |  2.6
Hexes          | |  3.6

Action                   || total
-------------------------++-------
Melee: Dagger            ||   148
  Use: Potion            ||     1
 Stab: Sleeping          ||     4
Armor: Robe              ||     5
Dodge: Dodged            ||   135
